 Dungeon Crawl Stone Soup version 0.30.0-29-ga12c61a403 (webtiles) character file.

Game seed: 151924620199197962

70 Graphine the Trooper (level 4, -1/40 HPs)
             Began as a Hill Orc Fighter on June 20, 2023.
             Was a Follower of the Shining One.
             Succumbed to an adder's poison
             ... on level 3 of the Dungeon.
             The game lasted 00:02:33 (1311 turns).

Graphine the Trooper (Hill Orc Fighter)             Turns: 1311, Time: 00:02:34

Health: -1/40      AC:  9    Str: 18 (20) XL:     4   Next: 21%
Magic:  3/5        EV:  9    Int:  7 (8)  God:    the Shining One [*.....]
Gold:   96         SH: 11    Dex:  9 (10) Spells: 3/3 levels left

rFire   . . .        a - +0 war axe
rCold   . . .        c - +0 buckler
rNeg    . . .        b - +0 scale mail
rPois   .            (no helmet)
rElec   .            (no cloak)
rCorr   .            (no gloves)
SInv    .            (no boots)
Will    .....        (no amulet) Stlth
                     (no ring)
HPRegen 0.26/turn    (no ring)
MPRegen 0.09/turn

%: clarity
@: lethally poisoned (-1 -> -3), divinely shielded, attractive, glowing
A: fangs 1, iridescent scales 1, clarity
a: Renounce Religion, Convert to Beogh, Divine Shield


You were on level 3 of the Dungeon.
You worshipped the Shining One.
The Shining One was aware of your devotion.
You visited 1 branch of the dungeon, and saw 3 of its levels.

You collected 96 gold pieces.

Inventory:

Hand Weapons
 a - a +0 war axe (weapon)
Armour
 b - a +0 scale mail (worn)
 c - a +0 buckler (worn)
Scrolls
 g - a scroll of teleportation
Potions
 d - a potion of might
 e - a potion of mutation
 f - a potion of attraction
 h - a potion of degeneration


   Skills:
 + Level 4.1 Fighting
 + Level 3.5 Axes
 + Level 3.8 Armour
 + Level 3.7 Shields
 + Level 2.0 Invocations


You had 3 spell levels left.
You didn't know any spells.
Your spell library was empty.

Dungeon Overview and Level Annotations

Branches:
Dungeon (3/15)

Altars:
The Shining One


Innate Abilities, Weirdness & Mutations

You have very sharp teeth.
You are partially covered in iridescent scales. (AC +2)
You possess an exceptional clarity of mind.


Message History

You block the orc's attack. The orc hits you with a +0 hand axe.
The adder bites you but does no damage.
You slash the orc!
You kill the orc!
You barely miss the orc. You closely miss the adder. You hit the ball python.
You kill the ball python!
You block the adder's attack. The orc barely misses you.
An orc comes into view. It is wielding a +0 whip.
You block the adder's attack. The orc hits you with a +0 dagger.
You closely miss the adder. You bite the adder.
The adder is severely wounded.
You hit the orc priest. You barely miss the orc. The adder bites you.
You are poisoned.
The adder poisons you!
The orc priest mumbles some strange prayers to Beogh against you.
Pain shoots through your body!
* * * LOW HITPOINT WARNING * * *
The orc hits you but does no damage. The adder bites you but does no damage.
It was a potion of attraction.
You feel attractive to monsters.
You feel sick.
The orc priest hits you with a +0 hand axe.
* * * LOW HITPOINT WARNING * * *
The orc closely misses you. You block the adder's attack.
The orc is attracted toward you.
It was a potion of degeneration.
There was something very wrong with that liquid.
You feel weakened.
You feel dopey.
You feel clumsy.
* * * LOW HITPOINT WARNING * * *
You feel sick. You block the adder's attack.
The orc hits you but does no damage.
Okay, then.
Okay, then.
Cleave: a) +0 war axe
Press: ? - help, Dir - move target, f - adder
Aim: an adder (heavily wounded, haloed, about 46% to evade your +0 war axe)
You hit the adder but do no damage.
The adder is heavily wounded.
You hit the orc but do no damage. You hit the orc.
You die...

##........#
###.>......#
#..........#
#.#........#
#.#........#
#.#..##....#
#............
###..##....###
#)@...####
#oSo#.#
#..o)...
.........
...........
......ยง..(..
...........(.
..............


You could see an orc priest, an adder and 2 orcs.

Vanquished Creatures
  2 adders (D:2)
  A worm (D:3)
  A dart slug (D:2)
  3 orcs (D:3)
  7 ball pythons
  2 endoplasms
  2 giant cockroaches (D:2)
  4 goblins
  7 hobgoblins
  4 kobolds
  A quokka (D:2)
  4 bats
  3 frilled lizards (D:1)
  2 rats (D:2)
43 creatures vanquished.

Notes
Turn   | Place    | Note
-------+----------+-------------------------------------------
     0 | D:1      | Graphine the Hill Orc Fighter began the quest for the Orb.
     0 | D:1      | Reached XP level 1. HP: 19/19 MP: 1/1
    74 | D:1      | Found a faded altar of an unknown god.
    85 | D:1      | Prayed at the altar of an unknown god.
    85 | D:1      | Became a worshipper of the Shining One
    85 | D:1      | Reached * piety under the Shining One
   130 | D:1      | Reached XP level 2. HP: 27/27 MP: 2/2
   185 | D:1      | Reached skill level 1 in Invocations
   714 | D:2      | Reached XP level 3. HP: 33/33 MP: 3/3
   725 | D:2      | Reached skill level 4 in Fighting
  1147 | D:2      | Reached XP level 4. HP: 40/40 MP: 5/5
  1284 | D:3      | Gained mutation: You have very sharp teeth. [potion of
                  | mutation]
  1284 | D:3      | Gained mutation: You are partially covered in iridescent
                  | scales. (AC +2) [potion of mutation]
  1284 | D:3      | Gained mutation: You possess an exceptional clarity of
                  | mind. [potion of mutation]
  1309 | D:3      | HP: 2/40 [orc priest/+0 hand axe (4)]
  1311 | D:3      | Succumbed to an adder's poison

Illustrated notes

Levels and vault maps discovered:
D:1:      elethiomel_arrival_shortcut, layout_basic, basic_ecumenical_altar
D:2:      layout_loops_cross, minmay_distorted
D:3:      layout_basic, jmf_multi_god_temple2, serial_bayou,
          serial_bayou_shore_a, serial_bayou_shore_b, serial_bayou_pond_e,
          serial_bayou_crossing, uniq_robin, uniq_crazy_yiuf_cottage,
          uniq_jessica

Skill      XL: |  1  2  3  4 |
---------------+-------------+-----
Axes           | 3 |  3.5
Invocations    | 1 2 |  2.0
Fighting       | 4 |  4.1
Armour         | |  3.8
Shields        | |  3.7

Action                     |  1- 3 |  4- 6 || total
---------------------------+-------+-------++-------
  Melee: War axe           |    66 |     8 ||    74
         Bite              |       |     2 ||     2
  Throw: Javelin           |    15 |     4 ||    19
 Invoke: Divine Shield     |       |     1 ||     1
    Use: Scroll            |     1 |     3 ||     4
         Potion            |       |     3 ||     3
 Armour: Scale mail        |    27 |     6 ||    33
  Dodge: Dodged            |    28 |     4 ||    32
  Block: Buckler           |    16 |     8 ||    24
